 Dungeon Crawl Stone Soup version 0.29.1-12-g30fa7ad0bf (webtiles) character file.

Game seed: 5307521974962743517

110 sanboga the Ruffian (level 4, 0/45 HPs)
             Began as a Troll Monk on Dec 12, 2022.
             Slain by a gnoll
             ... wielding a +1 spear of venom
              (5 damage)
             ... on level 3 of the Dungeon.
             The game lasted 00:02:32 (2185 turns).

sanboga the Ruffian (Troll Monk)                    Turns: 2185, Time: 00:02:33

Health: 0/45       AC:  4    Str: 21    XL:     4   Next: 61%
Magic:  3/3        EV: 10    Int:  6    God:
Gold:   73         SH:  0    Dex: 12    Spells: 3/3 levels left

rFire   . . .      SeeInvis .     - Unarmed
rCold   . . .      Faith    .   (no shield)
rNeg    . . .      Spirit   .   a - +0 robe
rPois   .          Reflect  .   (helmet restricted)
rElec   .          Harm     .   (no cloak)
rCorr   +          Rampage  .   (gloves unavailable)
Will    .....                   (boots unavailable)
Stlth   ++........              (no amulet)
HPRegen 0.95/turn               f - ring of resist corrosion
MPRegen 0.08/turn               h - +4 ring of slaying

@: lethally poisoned (0 -> 0), slowed, very slow
A: large, unfitting armour, claws 3, regeneration 1, shaggy fur 1, tough skin 1
a: no special abilities


You were on level 3 of the Dungeon.
You visited 1 branch of the dungeon, and saw 3 of its levels.

You collected 133 gold pieces.
You spent 60 gold pieces at shops.

Inventory:

Armour
 a - a +0 robe (worn)
Jewellery
 f - a ring of resist corrosion (left claw)
 h - a +4 ring of slaying (right claw)
Scrolls
 c - 3 scrolls of identify {unknown}
 g - a scroll of enchant weapon {unknown}
 i - a scroll of enchant armour {unknown}
 j - a scroll of silence {unknown}
 k - a scroll of teleportation {unknown}
 n - a scroll of vulnerability {unknown}
Potions
 b - a potion of ambrosia
 d - 2 potions of curing {unknown}
 e - 3 potions of heal wounds
 l - a potion of might {unknown}
 m - a potion of resistance {unknown}


   Skills:
 + Level 3.0 Fighting
 + Level 3.0 Dodging
 - Level 1.0 Stealth
 * Level 4.3 Unarmed Combat


You had 3 spell levels left.
You didn't know any spells.
Your spell library contained the following spells:

 Spells                   Type           Power      Damage    Failure   Level
 Shock                    Conj/Air       0%         1d3       45%         1
 Poisonous Vapours        Pois/Air       0%         N/A       58%         2
 Frozen Ramparts          Ice            0%         1d1       83%         3
 Ignite Poison            Fire/Tmut/Pois 0%         N/A       83%         3
 Mephitic Cloud           Conj/Pois/Air  0%         N/A       83%         3
 Ozocubu's Armour         Ice            0%         N/A       83%         3
 Swiftness                Air            0%         N/A       83%         3
 Airstrike                Air            0%         2d(0-16)  99%         4
 Corpse Rot               Necr/Pois/Air  0%         N/A       99%         4
 Ice Form                 Ice/Tmut       0%         N/A       99%         4
 Summon Ice Beast         Ice/Summ       0%         N/A       99%         4
 Freezing Cloud           Conj/Ice/Air   0%         6-21      100%        5
 Metabolic Englaciation   Hex/Ice        0%         N/A       100%        5
 Simulacrum               Ice/Necr       0%         N/A       100%        6


Dungeon Overview and Level Annotations

Branches:
Dungeon (3/15)

Altars:

Shops:
D:1 *

Annotations:
D:3 1 transporter, LustLizard's ghost, amateur GnWn


Innate Abilities, Weirdness & Mutations

You are too large for most types of armour.
You have claws for hands.
Your natural rate of healing is unusually fast.
You are covered in fur. (AC +1)
You have tough skin. (AC +1)


Message History

a +0 dagger; a +0 robe The gnoll shouts! x2; You hear a shout! x2
You hear a shout!
The gnoll shouts!
There is a transporter here.
You start waiting.
The gnoll shouts!
You hear a shout! x2
The gnoll shouts!
LustLizard's ghost whispers, "Soon you will have time, lots of time..."
LustLizard's ghost whispers, "You will understand me better in a moment."
LustLizard's ghost stares at you.
LustLizard's ghost says, "Are you sure you're pointing that wand in the right direction?"
LustLizard's ghost wails, "To die, to sleep, no more."
Done waiting.
You enter the transporter and appear at another place.
The gnoll hits you with a +0 spear. LustLizard's ghost hits you!
The gnoll closely misses you.
The gnoll hits you with a +1 spear of venom.
You are poisoned.
The gnoll barely misses you.
LustLizard's ghost attacks as you move away!
LustLizard's ghost barely misses you.
You feel very sick.
The gnoll hits you from afar with a +0 spear.
LustLizard's ghost gestures at you while chanting.
You resist with significant effort. The gnoll hits you with a +0 whip.
The gnoll attacks as you move away! The gnoll barely misses you.
You feel sick.
The gnoll shouts!
LustLizard's ghost gestures at you while chanting.
You feel yourself slow down.
The gnoll hits you with a +1 spear of venom.
* * * LOW HITPOINT WARNING * * *
There is an open translucent door, spattered with blood here.
The gnoll attacks as you move away! The gnoll hits you with a +0 whip.
* * * LOW HITPOINT WARNING * * *
You feel sick.
The gnoll hits you from afar with a +1 spear of venom.
* * * LOW HITPOINT WARNING * * *
The gnoll hits you from afar with a +1 spear of venom.
You die...

#.....#.≈≈#...g......g#≈≈..#
####.....#.≈≈###.##'##.###≈≈.##
#..).....#.≈≈..#.#...#g#..≈≈.#
..##....<#.≈≈.##.#⌠.⌠#.##.≈≈.#
########.#.≈≈.#..#...#.g#.≈≈.#
# ###.#.≈≈.##.##.##.##.≈≈.#
##.....≈≈..#.#gW.#.#(....#
#####..###.~~.©#g'ggg'g#©....#
......## #.≈≈..#@#8⌠8#g#.....#
##########.≈≈.##.#####.##.≈≈.#
........##.≈≈.#©.#=:W#.g#.≈≈.#
#######.#..≈≈.##.#...#.##.≈≈.#
#....≈≈..#.#$$$#.#..≈≈.##
#..#.≈≈###.##'##.###≈≈..#
#..#.≈≈#g..........#≈≈..#
##.#.≈≈##.###g###.##≈≈..#
#.#.≈≈#..#8###8#gg#≈≈..#


You could see LustLizard's ghost and 6 gnolls.

Vanquished Creatures
  An orc wizard (D:3)
  3 gnolls (D:2)
  2 dart slugs (D:1)
  2 orcs (D:3)
  4 endoplasms
  2 giant cockroaches
  12 goblins
  3 hobgoblins
  2 jackals (D:1)
  A kobold (D:1)
  4 ball pythons
  5 bats
  3 frilled lizards (D:2)
  4 rats
48 creatures vanquished.

Vanquished Creatures (others)
  6 plants (D:3)
6 creatures vanquished.

Grand Total: 54 creatures vanquished

Notes
Turn   | Place    | Note
-------+----------+-------------------------------------------
     0 | D:1      | sanboga the Troll Monk began the quest for the Orb.
     0 | D:1      | Reached XP level 1. HP: 22/22 MP: 0/0
   171 | D:1      | Found Moferiq's General Store.
   183 | D:1      | Reached XP level 2. HP: 29/29 MP: 1/1
   588 | D:1      | Reached XP level 3. HP: 35/36 MP: 2/2
   830 | D:1      | Bought a potion of heal wounds for 60 gold pieces
   915 | D:2      | Reached skill level 4 in Unarmed Combat
   972 | D:2      | Noticed a golden eye
   982 | D:2      | Noticed an eye of devastation
   987 | D:2      | Reached XP level 4. HP: 44/44 MP: 3/3
  1016 | D:2      | Noticed a shining eye
  1018 | D:2      | Found a faded altar of an unknown god.
  1027 | D:2      | Noticed a floating eye
  1607 | D:3      | Identified the +1 ring mail of Omengu Ley {SInv}
  1661 | D:3      | Found a transporter.
  1675 | D:3      | Noticed LustLizard's ghost (amateur GnWn)
  1722 | D:3      | Found a transporter.
  2185 | D:3      | Slain by a gnoll

Illustrated notes

Levels and vault maps discovered:
D:1:      onia_arrival_mini_spirals, layout_loops_ring, serial_shops, shop
D:2:      layout_basic, hellmonk_ecumenical_altar_watching_god
D:3:      layout_rooms, gammafunk_ghost_gnarly_gnolls,
          nicolae_figureground_pulse

Skill      XL: |  1  2  3  4 |
---------------+-------------+-----
Unarmed Combat | 4 |  4.3
Dodging        | 3 |  3.0
Fighting       | 3 |  3.0
Stealth        | |  1.0

Action                   |  1- 3 |  4- 6 || total
-------------------------+-------+-------++-------
Melee: Unarmed           |    73 |    34 ||   107
 Stab: Sleeping          |     3 |     2 ||     5
Armor: Robe              |    21 |     9 ||    30
Dodge: Dodged            |    43 |    30 ||    73
